 Dungeon Crawl Stone Soup version 0.23-a0-370-gf497b7c (webtiles) character file.

114472 laquiete the Warrior (level 17, -2/113 HPs)
             Began as a Kobold Hunter on Oct 24, 2018.
             Was the Champion of Makhleb.
             Drowned by a water elemental (16 damage)
             ... on level 2 of the Shoals.
             The game lasted 01:32:28 (41470 turns).

laquiete the Warrior (Kobold Hunter)               Turns: 41470, Time: 01:32:29

Health: -2/113     AC: 26    Str: 25    XL:     17   Next: 21%
Magic:  23/23      EV: 25    Int: 20    God:    Makhleb [******]
Gold:   1336       SH:  8    Dex: 19    Spells: 14/16 levels left

rFire    . . .     SeeInvis +   a - +12 dagger of Zohofrid {speed, *Rage MR+ SInv}
rCold    . . .     Gourm    .   T - +1 buckler
rNeg     . . .     Faith    .   V - +10 ring mail "Meibib Xiuc" {Str+10 Int+2 Stlth-}
rPois    +         Spirit   .   s - +2 hat {Int+3}
rElec    .         Reflect  .   (no cloak)
rCorr    .         Harm     .   (no gloves)
MR       ++...     Rnd*Rage +   q - +0 pair of boots
Stlth    ++++......             (no amulet)
HPRegen  0.28/turn              D - +6 ring of protection
MPRegen  0.18/turn              u - ring of poison resistance

@: mighty, engulfed (cannot breathe), berserk cooldown, very slightly
contaminated, slowed, very slow
A: small, carnivore, mutation resistance 1
a: Minor Destruction, Lesser Servant of Makhleb, Major Destruction, Greater
Servant of Makhleb, Renounce Religion


You were on level 2 of the Shoals.
You worshipped Makhleb.
Makhleb was exalted by your worship.
You were very full.

You visited 5 branches of the dungeon, and saw 27 of its levels.
You also visited: Sewer and Ice Cave.

You collected 2200 gold pieces.
You spent 864 gold pieces at shops.

Inventory:

Hand Weapons
 a - the +12 dagger of Zohofrid (weapon) {speed, *Rage MR+ SInv}
   (You found it on level 1 of the Lair of Beasts)

   Attacks with this weapon are significantly faster.
   It affects your resistance to hostile enchantments.
   It lets you see invisible.
   It may make you go berserk in combat.
 b - a +5 hand crossbow of flaming
 U - a +4 hand crossbow of freezing
Missiles
 c - 4 throwing nets (quivered)
 d - 343 bolts
 l - 133 stones
Armour
 q - a +0 pair of boots (worn)
 s - a +2 hat of intelligence (worn)
 L - a +2 robe of fire resistance
 S - +0 acid dragon scales
 T - a +1 buckler (worn)
 V - the +10 ring mail "Meibib Xiuc" (worn) {Str+10 Int+2 Stlth-}
   (You bought it in a shop on level 2 of the Orcish Mines)

   It affects your strength (+10).
   It affects your intelligence (+2).
   It makes you less stealthy.
Jewellery
 h - an uncursed ring of resist corrosion
 u - a ring of poison resistance (right hand)
 v - an uncursed ring of positive energy
 C - an uncursed ring of ice
 D - a +6 ring of protection (left hand)
 H - an uncursed ring of magical power
 Q - an uncursed ring of flight
Wands
 B - a wand of acid (21)
 E - a wand of iceblast (22)
 P - a wand of flame (29)
Scrolls
 e - 8 scrolls of teleportation
 k - 4 scrolls of magic mapping
 m - 10 scrolls of identify
 o - 3 scrolls of fog
 r - 4 scrolls of blinking
 x - 10 scrolls of remove curse
 F - a scroll of enchant armour
 J - 5 scrolls of amnesia
 K - a scroll of immolation {unknown}
Potions
 g - 2 potions of ambrosia
 j - 13 potions of curing
 n - 2 potions of cancellation
 p - 3 potions of haste
 t - 3 potions of brilliance
 w - a potion of mutation
 z - a potion of magic
 A - 2 potions of flight
 G - 5 potions of resistance
 I - 3 potions of agility
 O - 2 potions of berserk rage
Comestibles
 f - 46 rations


   Skills:
 + Level 15.1 Fighting
 - Level 11.5 Short Blades
   Level 3.6 Maces & Flails
 - Level 10.9 Crossbows
 - Level 7.7 Armour
 + Level 13.5 Dodging
 - Level 14.2 Stealth
 - Level 7.3 Shields
 * Level 8.3 Translocations
 - Level 8.7 Invocations


You had 14 spell levels left.
You knew the following spells:

 Your Spells              Type           Power        Failure   Level  Hunger
a - Blink                 Tloc           N/A          1%          2    ###....

Your spell library contained the following spells:

 Spells                   Type           Power        Failure   Level  Hunger
 Flame Tongue             Conj/Fire      #....        28%         1    ##.....
 Magic Dart               Conj           #...         28%         1    ##.....
 Sandblast                Erth           #.....       28%         1    ##.....
 Call Imp                 Summ           #.......     38%         2    ###....
 Passwall                 Tmut/Erth      #.......     38%         2    ###....
 Poisonous Vapours        Pois/Air       #.....       38%         2    ###....
 Searing Ray              Conj           #.....       38%         2    ###....
 Slow                     Hex            #.......     38%         2    ###....
 Throw Flame              Conj/Fire      #.....       38%         2    ###....
 Force Lance              Conj/Tloc      ###.....     45%         4    #####..
 Conjure Flame            Conj/Fire      #.......     63%         3    ####...
 Dazzling Spray           Conj/Hex       #.....       63%         3    ####...
 Inner Flame              Hex/Fire       #.......     63%         3    ####...
 Mephitic Cloud           Conj/Pois/Air  #.......     63%         3    ####...
 Stone Arrow              Conj/Erth      #.....       63%         3    ####...
 Fulminant Prism          Conj/Hex       #.........   95%         4    #####..
 Iskenderun's Mystic Bla  Conj           #.......     95%         4    #####..
 Petrify                  Tmut/Erth      #.......     95%         4    #####..
 Sticky Flame             Conj/Fire      #.......     95%         4    #####..
 Fireball                 Conj/Fire      #.........   100%        5    ######.
 Lee's Rapid Deconstruct  Erth           #.........   100%        5    ######.
 Freezing Cloud           Conj/Ice/Air   #.........   100%        6    #######
 Ring of Flames           Chrm/Fire      #.........   100%        7    #######


Dungeon Overview and Level Annotations

Branches:
Dungeon (15/15)            Temple (1/1) D:4            Lair (6/6) D:9
 Shoals (3/4) Lair:2       Spider (0/4) Lair:4        Slime (0/5) Lair:5
    Orc (2/2) D:11            Elf (0/3) Orc:2        Vaults (0/5) D:14
 Depths (0/5) D:15

Altars:
Ashenzari
Cheibriados
Fedhas
Hepliaklqana
Kikubaaqudgha
Makhleb
Nemelex Xobeh
Okawaru
Qazlal
Ru
Sif Muna
Trog
Uskayaw
Xom
Yredelemnul
The Shining One

Shops:
Orc:2 ?:?[[

Annotations:
D:2 Sigmund
Lair:6 exclusion: 2 oklob plants
Shoals:2 1 runed door, Pikeav's ghost, adept MiBe
Shoals:3 2 transporters, cerdra's ghost, adept DsFi


Innate Abilities, Weirdness & Mutations

You are small and have problems with some larger weapons.
You are carnivorous and can eat meat at any time.
You are somewhat resistant to further mutation.


Message History

* * * LOW HITPOINT WARNING * * *
Your lungs strain for air!
The sea snake barely misses you. The merfolk completely misses you.
You block the water elemental's attack.
The sea snake bites you but does no damage.
You block the merfolk's attack. The water elemental misses you.
You feel much better.
* * * LOW HITPOINT WARNING * * *
Your lungs strain for air!
The sea snake barely misses you. The water elemental hits you.
* * * LOW HITPOINT WARNING * * *
The sea snake misses you. The merfolk barely misses you.
You feel very mighty all of a sudden.
* * * LOW HITPOINT WARNING * * *
Your lungs strain for air!
The sea snake misses you. The water elemental barely misses you.
The merfolk completely misses you. You block the sea snake's attack.
The water elemental closely misses you.
You feel better.
You die...

≈≈≈≈≈≈≈≈≈≈≈≈≈≈≈≈≈≈.....
≈≈≈≈≈≈P≈..≈≈≈≈≈≈≈≈≈.....
≈≈≈≈≈PPP....≈≈≈≈≈≈≈.....
≈≈≈≈≈PP..###.≈≈≈≈.......
≈≈≈≈≈≈≈P.# #.≈≈≈....#...
≈≈≈≈≈PP..###.≈≈≈.).##...
≈≈≈≈≈m≈.......≈≈..###...
≈≈≈≈≈≈≈.E....≈≈≈...#####
≈≈≈≈≈≈.@.##.≈≈≈≈≈...#
≈≈≈≈≈≈S.###.≈≈≈≈≈..##
≈≈≈.≈≈≈≈≈..###.≈≈≈≈..######
≈≈≈≈.≈≈≈≈≈≈...#.≈≈≈≈.......P
≈.≈≈.≈≈≈≈≈≈..≈.≈≈≈≈≈......P.
.#.≈≈.≈≈≈≈≈≈≈≈≈≈≈≈≈.###....P
≈..≈.≈≈≈≈≈≈≈≈≈≈≈≈≈≈##W##...P
.....≈≈≈≈≈≈≈≈≈≈≈≈≈≈#:_W#....
.≈≈≈≈≈≈≈≈≈≈≈≈≈≈≈≈≈≈≈##+##.)..


You could see a sea snake, a merfolk and a water elemental.

Vanquished Creatures
  Gastronok (D:11)
  Ilsuiw (Shoals:2)
  Louise (D:14)
  An entropy weaver (Lair:6)
  Snorg (Lair:4)
  2 merfolk impalers (Shoals:2)
  4 vault guards (D:14)
  7 hydras
  4 two-headed ogres
  A satyr (Shoals:2)
  A deep troll shaman (Lair:6)
  5 death yaks
  An ogre mage (D:14)
  A tengu warrior (D:13)
  A vampire mage (D:15)
  4 orc high priests (Orc:2)
  2 skeletal warriors
  5 sea snakes
  2 unseen horrors
  A necromancer (D:15)
  8 harpies
  A stone giant zombie (D:15)
  A deep elf mage (D:14)
  18 ugly things
  2 orc sorcerers
  5 cyclopes
  7 manticores
  5 fauns (Shoals:1)
  A manticore (shapeshifter) (D:14)
  10 merfolk sirens
  An elf zombie (D:15)
  2 centaur zombies
  14 elephants
  11 spiny frogs
  A water nymph (Shoals:3)
  2 black mambas
  3 centaur skeletons
  3 gargoyles
  A torpor snail (Lair:4)
  A rime drake (shapeshifter) (D:14)
  9 komodo dragons
  A yaktaur (shapeshifter) (D:14)
  3 kobold demonologists
  A rime drake (Lair:6)
  A redback zombie (D:13)
  2 efreet (D:15)
  A yaktaur (D:14)
  2 ice devils (Lair:2)
  4 harpy zombies (Shoals:2)
  4 wind drakes
  2 polar bears
  Grinder (D:6)
  9 dream sheep
  7 trolls
  12 merfolk
  3 meliai (D:14)
  A hornet (D:12)
  2 slime creatures
  2 snapping turtles (Shoals:1)
  A hippogriff (shapeshifter) (D:14)
  13 blink frogs
  An ettin zombie (D:15)
  9 hippogriffs
  A spriggan (D:7)
  A deep troll skeleton (D:15)
  2 shadows (D:14)
  3 water elementals
  2 wyverns (Lair:4)
  50 yaks
  Eustachio (D:6)
  4 basilisks
  A hungry ghost (D:14)
  2 wargs
  A harpy simulacrum (D:15)
  17 water moccasins
  14 soldier ants
  An acid dragon (D:13)
  7 porcupines
  Purgy (Sewer)
  7 sky beasts
  10 ice beasts
  17 orc warriors
  4 eyes of draining
  2 phantoms
  2 black bears
  2 necrophages
  8 wolves
  3 centaurs
  8 ogres
  16 crocodiles
  9 big kobolds
  2 hippogriff zombies (Shoals:2)
  14 bullfrogs
  4 gnoll sergeants
  A wyvern zombie (D:12)
  A water moccasin skeleton (D:8)
  4 scorpions
  6 killer bees
  14 wights
  3 electric eels
  2 howler monkeys
  6 crimson imps
  3 jellies
  5 hounds
  26 orc priests
  22 orc wizards
  3 bullfrog zombies
  4 iguanas
  3 bullfrog skeletons
  Terence (D:2)
  26 worker ants
  A killer bee zombie (D:10)
  A hound skeleton (D:5)
  A hound zombie (D:11)
  2 mummies (D:10)
  Robin (D:4)
  2 worker ant zombies
  25 gnolls
  13 adders
  3 shadow imps
  An adder skeleton (D:8)
  5 worms
  5 dart slugs (D:1)
  3 leopard geckos
  75 orcs
  5 giant cockroaches
  16 goblins
  10 hobgoblins
  23 jackals
  8 quokkas
  8 bats
  5 frilled lizards
  A jackal skeleton (D:8)
  21 kobolds
  2 quokka zombies
  9 rats
  A plant (Shoals:2)
827 creatures vanquished.

Vanquished Creatures (collateral kills)
  An entropy weaver (Lair:6)
  Nessos (Lair:6)
  A dire elephant (Lair:6)
  A merfolk impaler (Shoals:2)
  A catoblepas (Lair:6)
  A vault guard (D:14)
  A queen ant (Lair:6)
  A death yak (Lair:5)
  A spiny frog (Lair:6)
  A tengu conjurer (D:14)
  A polar bear (Lair:6)
  2 soldier ants (Lair:6)
  An orc (D:11)
14 creatures vanquished.

Vanquished Creatures (others)
  25 fungi
  20 plants
  2 withered plants (D:15)
47 creatures vanquished.

Grand Total: 888 creatures vanquished

Notes
Turn   | Place    | Note
-------+----------+-------------------------------------------
     0 | D:1      | laquiete the Kobold Hunter began the quest for the Orb.
     0 | D:1      | Reached XP level 1. HP: 12/12 MP: 1/1
   137 | D:1      | Reached skill level 5 in Crossbows
   187 | D:1      | Reached XP level 2. HP: 13/18 MP: 2/2
   206 | D:1      | Found a shattered altar of Ashenzari.
   566 | D:1      | Reached XP level 3. HP: 18/22 MP: 3/3
   571 | D:1      | Reached skill level 1 in Short Blades
  1417 | D:2      | Reached XP level 4. HP: 15/27 MP: 4/4
  1590 | D:2      | Noticed Terence
  1597 | D:2      | Killed Terence
  1597 | D:2      | Reached skill level 3 in Fighting
  1885 | D:2      | Reached XP level 5. HP: 19/32 MP: 5/5
  2171 | D:2      | Noticed Sigmund
  2462 | D:2      | Reached skill level 1 in Maces & Flails
  2580 | D:3      | Found a stormy altar of Qazlal.
  2580 | D:3      | Found a hide-covered altar of Uskayaw.
  3228 | D:3      | Reached XP level 6. HP: 23/37 MP: 6/6
  3638 | D:3      | Found a sparkling altar of Nemelex Xobeh.
  3823 | D:3      | Reached skill level 4 in Fighting
  3828 | D:3      | Reached XP level 7. HP: 15/43 MP: 7/7
  4598 | D:4      | Reached skill level 5 in Dodging
  4754 | D:4      | Found a glowing drain.
  4765 | Sewer    | Entered a sewer
  4973 | Sewer    | Noticed Purgy
  4994 | Sewer    | Killed Purgy
  5149 | D:4      | Noticed Robin
  5173 | D:4      | Killed Robin
  5334 | D:4      | Found a staircase to the Ecumenical Temple.
  5348 | D:4      | Reached XP level 8. HP: 45/48 MP: 8/8
  5356 | Temple   | Entered the Ecumenical Temple
  5382 | Temple   | Became a worshipper of Makhleb the Destroyer
  5487 | D:4      | Reached skill level 5 in Fighting
  5602 | D:4      | Found a basalt altar of Yredelemnul.
  5602 | D:4      | Found a shimmering altar of Xom.
  5689 | D:5      | Entered Level 5 of the Dungeon
  5721 | D:5      | Reached skill level 5 in Short Blades
  7079 | D:6      | Noticed Grinder
  7142 | D:6      | Killed Grinder
  7268 | D:6      | Noticed Eustachio
  7377 | D:6      | Killed Eustachio
  7377 | D:6      | Reached skill level 6 in Fighting
  7377 | D:6      | Reached XP level 9. HP: 46/55 MP: 9/9
  7578 | D:6      | Found a glowing golden altar of the Shining One.
  7680 | D:6      | Reached * piety under Makhleb
  8549 | D:7      | Got a smoking chain mail
  8967 | D:7      | Found a bloodstained altar of Trog.
  9076 | D:7      | Reached skill level 7 in Fighting
  9527 | D:8      | Identified the +5 chain mail of Jigsaw {rPois rF+} (You
                  | found it on level 7 of the Dungeon)
  9590 | D:8      | Reached ** piety under Makhleb
  9620 | D:8      | Reached skill level 10 in Short Blades
  9724 | D:8      | Reached XP level 10. HP: 62/63 MP: 10/10
  9909 | D:8      | Found a hazy altar of Hepliaklqana.
 10058 | D:8      | Found a sparkling altar of Nemelex Xobeh.
 10378 | D:9      | Found a staircase to the Lair.
 10596 | D:9      | Reached skill level 1 in Armour
 10629 | D:8      | Reached skill level 8 in Fighting
 11481 | D:10     | Entered Level 10 of the Dungeon
 11706 | D:10     | You fall through a shaft for 3 floors!
 11738 | D:13     | Noticed a two-headed ogre
 11749 | D:13     | Noticed a tengu warrior
 11753 | D:13     | Noticed a gargoyle
 11754 | D:13     | Noticed a manticore
 12469 | D:10     | Reached *** piety under Makhleb
 12628 | D:10     | Reached XP level 11. HP: 69/69 MP: 11/11
 13092 | Lair:1   | Entered Level 1 of the Lair of Beasts
 13320 | Lair:1   | Reached skill level 9 in Fighting
 13413 | Lair:1   | Reached skill level 5 in Stealth
 13988 | Lair:1   | Reached skill level 5 in Armour
 14935 | Lair:1   | Got a bloodstained dagger
 14936 | Lair:1   | Identified the +12 dagger of Zohofrid {speed, *Rage MR+
                  | SInv} (You found it on level 1 of the Lair of Beasts)
 15351 | Lair:2   | Found a frozen archway.
 15375 | Lair:2   | Reached skill level 10 in Fighting
 15382 | IceCv    | Entered an ice cave
 15595 | Lair:2   | Noticed a seven-headed hydra
 15603 | Lair:2   | Killed a seven-headed hydra
 15603 | Lair:2   | Reached XP level 12. HP: 77/77 MP: 12/12
 15854 | Lair:2   | Found a staircase to the Shoals.
 16701 | Lair:3   | Noticed an eight-headed hydra
 17101 | Lair:3   | Reached **** piety under Makhleb
 17742 | Lair:3   | Reached skill level 11 in Fighting
 17998 | Lair:3   | Reached skill level 10 in Stealth
 18234 | Lair:3   | Killed an eight-headed hydra
 18774 | Lair:4   | Found a hole to the Spider Nest.
 19369 | Lair:4   | Reached XP level 13. HP: 84/84 MP: 13/13
 19401 | Lair:4   | Noticed Snorg
 19426 | Lair:4   | Killed Snorg
 20359 | Lair:5   | Noticed a five-headed hydra
 20522 | Lair:5   | Reached skill level 1 in Invocations
 20563 | Lair:5   | Found a staircase to the Slime Pits.
 20591 | Lair:5   | Reached skill level 10 in Crossbows
 20597 | Lair:5   | Reached skill level 12 in Fighting
 20606 | Lair:5   | Reached ***** piety under Makhleb
 20900 | Lair:5   | Killed a five-headed hydra
 21406 | Lair:6   | Entered Level 6 of the Lair of Beasts
 21639 | Lair:6   | Noticed Nessos
 22107 | D:11     | Found a staircase to the Orcish Mines.
 22529 | D:11     | Found a basalt altar of Yredelemnul.
 22535 | D:11     | Noticed Gastronok
 22558 | D:11     | Killed Gastronok
 22814 | D:11     | Reached skill level 5 in Invocations
 23246 | D:12     | Reached XP level 14. HP: 92/92 MP: 16/18
 23984 | Orc:1    | Entered Level 1 of the Orcish Mines
 24284 | D:12     | Reached skill level 10 in Dodging
 25160 | Lair:6   | Noticed an entropy weaver
 25378 | Lair:6   | Reached skill level 13 in Fighting
 25510 | Lair:6   | Killed Nessos
 25544 | Lair:6   | Killed an entropy weaver
 27586 | Lair:6   | Noticed an entropy weaver
 27898 | Lair:6   | Reached XP level 15. HP: 48/99 MP: 21/21
 29306 | Lair:6   | HP: 4/100 [dire elephant (21)]
 29728 | Lair:1   | Learned a level 2 spell: Blink
 29839 | Orc:1    | Paralysed by an orc sorcerer for 5 turns
 30229 | Orc:2    | Entered Level 2 of the Orcish Mines
 30242 | Orc:2    | Reached skill level 1 in Translocations
 30344 | Orc:2    | Found Popsouho's Magic Scroll Shoppe.
 30355 | Orc:2    | Bought a scroll of teleportation for 48 gold pieces
 30358 | Orc:2    | Found a staircase to the Elven Halls.
 31109 | Orc:2    | Reached skill level 14 in Fighting
 31341 | Orc:2    | Gained mutation: You are somewhat resistant to further
                  | mutation. [a neqoxec]
 31844 | Orc:2    | Found Zaji's Book Emporium.
 31844 | Orc:2    | Found Ranaroc's Antique Armour Shoppe.
 31844 | Orc:2    | Found Uddemn's Magic Scroll Emporium.
 31860 | Orc:2    | Found Wioj's Antique Armour Shoppe.
 31939 | Orc:2    | Bought a twisted ring mail for 288 gold pieces
 31939 | Orc:2    | Bought a faintly glowing ring mail for 288 gold pieces
 31956 | Orc:2    | Identified the +3 ring mail of Cheibriados's Envy {Str-5
                  | Dex+4} (You bought it in a shop on level 2 of the Orcish
                  | Mines)
 31966 | Orc:2    | Identified the +10 ring mail "Meibib Xiuc" {Str+10 Int+2
                  | Stlth-} (You bought it in a shop on level 2 of the Orcish
                  | Mines)
 33623 | D:13     | Reached skill level 5 in Translocations
 34136 | D:14     | Noticed Louise
 34141 | D:14     | Killed Louise
 35007 | D:14     | Reached XP level 16. HP: 107/107 MP: 22/22
 35511 | D:13     | Reached ****** piety under Makhleb
 36194 | D:15     | Entered Level 15 of the Dungeon
 36196 | D:15     | Found a staircase to the Depths.
 37202 | Orc:2    | Bought a scroll of brand weapon for 240 gold pieces
 37564 | D:14     | Reached skill level 1 in Shields
 37657 | D:14     | Found a gate to the Vaults.
 38406 | D:15     | Identified a scroll of acquirement
 38708 | Shoals:1 | Entered Level 1 of the Shoals
 39209 | Shoals:1 | Reached skill level 5 in Shields
 40155 | Shoals:2 | Noticed Ilsuiw
 40379 | Shoals:2 | Killed Ilsuiw
 40487 | Shoals:2 | Found a runed door.
 40489 | Shoals:2 | Found a shimmering altar of Xom.
 40490 | Shoals:2 | Noticed Pikeav's ghost (adept MiBe)
 40553 | Shoals:2 | Reached XP level 17. HP: 112/112 MP: 23/23
 40665 | Shoals:2 | Reached skill level 15 in Fighting
 41420 | Shoals:3 | Found a transporter.
 41441 | Shoals:3 | Noticed cerdra's ghost (adept DsFi)
 41442 | Shoals:3 | Found a transporter.
 41469 | Shoals:2 | HP: 4/113 [drowned by a water elemental (16)]
 41470 | Shoals:2 | Drowned by a water elemental

Vault maps used:
D:1:      shiori_arrival_elements, nicolae_ashenzari_panopticon
D:2:      first_ration, guppyfry_early_orc_mine, uniq_terence, uniq_sigmund
D:3:      chequers_temple_overflow_statue_of_worship, nemelex_spade_bored_becter
D:4:      gammafunk_temple_overflow_wave, minmay_temple_entry_statues_fountains,
          portal_sewer_entry_a, hex_large, uniq_robin
D:6:      tso_altar, uniq_grinder, uniq_eustachio
D:7:      lemuel_crystal_altar, the_bakery
D:8:      kennysheep_little_box, nicolae_wwwww, nemelex_diamond_rough_becter
D:9:      lair_entry_dummy
D:10:     serial_undead, serial_undead_a, serial_undead_e, serial_undead_b,
          serial_undead_d, st_stairs_12
D:11:     kennysheep_orc_monster_closet_entryway, basic_altar, uniq_gastronok
D:14:     grunt_vaults_entry_fortified, uniq_louise
D:15:     gammafunk_depths_entry_grave, minmay_misc_feat_rugged
Temple:   eino_temple_rhombus
Lair:2:   minmay_shoals_entry_beasts, portal_ice_cave_demonic_guard,
          eino_small_chamber_without_monster, grunt_megastairs_3
Lair:3:   nicolae_quartered_pool_medium
Lair:4:   nicolae_spider_entry_non_spiders, beast_lair_carwin_7,
          serial_bayou_shore_a, grunt_megastairs_1, uniq_snorg
Lair:5:   slime_dummy, st_stairs_10, serial_bayou_pond_d
Lair:6:   grunt_lair_end_beastmaster, serial_bayou_pond_e, zaba_antful_of_joy,
          minmay_lair_oklob_chamber, uniq_nessos
Shoals:2: ebering_ghost_xom, nicolae_shoals_undead_eyrie, uniq_ilsuiw
Shoals:3: gammafunk_ghost_arena
Orc:2:    st_orc_mages, serial_shops, nicolae_shop_waterfront
Sewer:    sewer_the_crocodile
IceCv:    ice_cave_small_dragons

Skill      XL: |  1  2  3  4  5  6  7  8  9 10 11 12 13 14 15 16 17 |
---------------+----------------------------------------------------+-----
Crossbows      | 5 8 10 | 10.9
Short Blades   | 2 3 4 7 10 11 | 11.5
Dodging        | 3 4 5 6 8 9 11 12 13 | 13.5
Fighting       | 3 4 6 7 8 10 11 12 13 14 15 | 15.1
Maces & Flails | 1 3 |  3.6
Armour         | 3 7 |  7.7
Stealth        | 4 8 10 11 12 13 14 | 14.2
Invocations    | 5 8 |  8.7
Translocations | 6 8 |  8.3
Shields        | 7 |  7.3

Action                   |  1- 3 |  4- 6 |  7- 9 | 10-12 | 13-15 | 16-18 || total
-------------------------+-------+-------+-------+-------+-------+-------++-------
Melee: Short sword       |   143 |    38 |       |       |       |       ||   181
       Flail             |       |   206 |    67 |       |       |       ||   273
       Dagger            |       |       |   616 |  1036 |  2143 |  1000 ||  4795
       Rapier            |       |       |     6 |    71 |       |       ||    77
 Fire: Hand crossbow     |       |    23 |    27 |    99 |    40 |    44 ||   233
Invok: Lesser Servant of |       |       |       |       |    24 |     6 ||    30
       Major Destruction |       |       |       |       |       |     1 ||     1
Evoke: Wand              |       |       |       |     5 |       |       ||     5
  Use: Scroll            |       |     6 |     7 |     8 |    13 |    10 ||    44
       Potion            |       |       |     2 |     8 |     7 |     6 ||    23
 Stab: Sleeping          |     5 |       |     1 |     5 |    22 |     5 ||    38
       Distracted        |       |     1 |       |       |     8 |     4 ||    13
  Eat: Chunk             |     9 |     9 |    19 |    31 |    54 |    20 ||   142
Armor: Leather armour    |    24 |       |       |    32 |   228 |       ||   284
       Ring mail         |     6 |    93 |   131 |       |    63 |   171 ||   464
       Chain mail        |       |       |    38 |   367 |       |       ||   405
Dodge: Dodged            |    85 |   222 |   394 |   353 |  1054 |   520 ||  2628
Block: Buckler           |       |       |       |       |       |   167 ||   167

Table legend:
 A = Non-vault XP
 B = Vault XP
 C = Vault XP percentage of total XP
 D = Non-vault monster count
 E = Vault monster count
 F = Vault count percentage of total count
                 A         B        C        D         E       F
            +---------+---------+-------+---------+---------+-------
      Total |  111504 |   52028 |  31.8 |     634 |     206 |  24.5
            +---------+---------+-------+---------+---------+-------
        D:1 |      49 |       0 |   0.0 |      25 |       0 |   0.0
        D:2 |     134 |      53 |  28.3 |      23 |       8 |  25.8
        D:3 |     303 |       0 |   0.0 |      35 |       0 |   0.0
        D:4 |     451 |      28 |   5.8 |      12 |       9 |  42.9
        D:5 |     290 |       0 |   0.0 |      19 |       0 |   0.0
        D:6 |     526 |     477 |  47.6 |      25 |       2 |   7.4
        D:7 |     657 |     234 |  26.3 |      17 |       1 |   5.6
        D:8 |    1299 |       0 |   0.0 |      29 |       0 |   0.0
        D:9 |    1008 |       0 |   0.0 |      22 |       0 |   0.0
       D:10 |     870 |    1013 |  53.8 |       8 |      11 |  57.9
       D:11 |    3646 |    2930 |  44.6 |      32 |      17 |  34.7
       D:12 |    8751 |       0 |   0.0 |      54 |       0 |   0.0
       D:13 |    7393 |       0 |   0.0 |      34 |       0 |   0.0
       D:14 |   14380 |    9303 |  39.3 |      48 |      12 |  20.0
       D:15 |    6440 |    3798 |  37.1 |      13 |       7 |  35.0
     Lair:1 |    4836 |       0 |   0.0 |      22 |       0 |   0.0
     Lair:2 |    4384 |    2942 |  40.2 |      16 |       7 |  30.4
     Lair:3 |    5270 |       0 |   0.0 |      23 |       0 |   0.0
     Lair:4 |    4263 |    4248 |  49.9 |      18 |      18 |  50.0
     Lair:5 |    9402 |    1996 |  17.5 |      34 |       7 |  17.1
     Lair:6 |    7891 |   13421 |  63.0 |      28 |      46 |  62.2
   Shoals:1 |   13333 |       0 |   0.0 |      33 |       0 |   0.0
   Shoals:2 |   11255 |    5363 |  32.3 |      23 |      12 |  34.3
   Shoals:3 |    1450 |       0 |   0.0 |       4 |       0 |   0.0
      Orc:1 |    2503 |     306 |  10.9 |      21 |       3 |  12.5
      Orc:2 |     720 |    5263 |  88.0 |      16 |      36 |  69.2
      Sewer |       0 |     145 | 100.0 |       0 |       6 | 100.0
      IceCv |       0 |     508 | 100.0 |       0 |       4 | 100.0
            +---------+---------+-------+---------+---------+-------
